 Dungeon Crawl Stone Soup version 0.24-a0-525-g9231cdcba1 (webtiles) character file.

Game seed: 4930201393914850274

13013 freddan the Cleaver (level 11, -1/102 HPs)
             Began as a Minotaur Berserker on July 28, 2019.
             Was a High Priest of Trog.
             Succumbed to Frances's poison
             ... on level 12 of the Dungeon on Aug 3, 2019.
             The game lasted 02:19:54 (12334 turns).

freddan the Cleaver (Minotaur Berserker)           Turns: 12334, Time: 02:19:55

Health: -1/102     AC: 11    Str: 24    XL:     11   Next: 70%
Magic:  10/10      EV: 14    Int:  4    God:    Trog [*****.]
Gold:   654        SH: 12    Dex: 16    Spells: 10/10 levels left

rFire    . . .     SeeInvis .   a - +0 war axe
rCold    . . .     Gourm    +   i - +2 shield
rNeg     . . .     Faith    .   B - +0 scale mail
rPois    .         Spirit   .   (helmet restricted)
rElec    .         Reflect  .   (no cloak)
rCorr    .         Harm     .   L - +0 pair of gloves
MR       +....                  r - +0 pair of boots
Stlth    ..........             O - amulet of the gourmand
HPRegen  0.27/turn              T - +5 ring of dexterity
MPRegen  0.12/turn              e - ring of protection from magic

@: lethally poisoned (-1 -> -24), berserk cooldown, slowed, very slow
A: retaliatory headbutt, horns 2
a: Berserk, Trog's Hand, Brothers in Arms, Renounce Religion


You were on level 12 of the Dungeon.
You worshipped Trog.
Trog was extremely pleased with you.
You were very full.

You visited 2 branches of the dungeon, and saw 13 of its levels.

You collected 654 gold pieces.

Inventory:

Hand Weapons
 a - a +0 war axe (weapon)
 b - a +0 hunting sling
 l - a +2 dire flail of protection
 u - a +1 vampiric trident
 A - a +1 mace of draining
 D - a +0 great sword
 E - a +2 flail of protection
 G - a +2 hand axe of venom
 X - a +1 scimitar of flaming
Missiles
 d - 102 sling bullets (quivered)
 y - 9 silver javelins
 K - 4 throwing nets
Armour
 i - a +2 shield (worn)
 r - a +0 pair of boots (worn)
 B - a +0 scale mail (worn)
 L - a +0 pair of gloves (worn)
Magical Staves
 W - an uncursed staff of wizardry {unknown}
Jewellery
 e - a ring of protection from magic (right hand)
 h - an uncursed ring of stealth
 m - a cursed ring of teleportation {unknown}
 w - an uncursed ring of protection from magic
 O - an amulet of the gourmand (around neck)
 T - a +5 ring of dexterity (left hand)
Wands
 F - a wand of random effects (19)
 H - a wand of scattershot (4)
 J - a wand of polymorph (8)
 Z - a wand of iceblast (7)
Scrolls
 f - 5 scrolls of remove curse
 g - 2 scrolls of enchant armour {unknown}
 k - 2 scrolls of fog {unknown}
 o - 3 scrolls of enchant weapon {unknown}
 q - a scroll of magic mapping {unknown}
 t - 9 scrolls of identify
 x - 6 scrolls of teleportation {unknown}
 M - a scroll of blinking {unknown}
 N - 2 scrolls of amnesia {unknown}
 Q - a scroll of noise {unknown}
 R - a scroll of random uselessness {unknown}
 S - a scroll of brand weapon {unknown}
 V - 4 scrolls of immolation {unknown}
Potions
 j - 3 potions of lignification {unknown}
 n - 2 potions of haste {unknown}
 p - 2 potions of cancellation {unknown}
 s - a potion of resistance
 v - a potion of might {unknown}
 z - a potion of heal wounds {unknown}
 C - 5 potions of curing
 I - 2 potions of degeneration {unknown}
 P - a potion of mutation {unknown}
 U - 2 potions of brilliance {unknown}
Miscellaneous
 Y - a lightning rod (4/4)
Comestibles
 c - 24 rations


   Skills:
 * Level 11.0 Fighting
 * Level 13.9 Axes
 + Level 10.2 Armour
 + Level 9.4 Dodging
 + Level 2.8 Shields


You had 10 spell levels left.
You didn't know any spells.
Your spell library was empty.

Dungeon Overview and Level Annotations

Branches:
Dungeon (12/15)            Temple (1/1) D:5            Lair (0/6) D:9
    Orc (0/2) D:9

Altars:
Ashenzari
Cheibriados
Dithmenos
Elyvilon
Fedhas
Gozag
Hepliaklqana
Kikubaaqudgha
Makhleb
Nemelex Xobeh
Okawaru
Ru
Trog
Uskayaw
Vehumet
Xom
Yredelemnul
Zin

Annotations:
D:9 exclusion: statue
D:12 Frances


Innate Abilities, Weirdness & Mutations

You reflexively headbutt those who attack you in melee.
You have a pair of horns on your head.


Message History

The iron shot hits you!!
* * * LOW HITPOINT WARNING * * *
The soul eater hits you!
* * * LOW HITPOINT WARNING * * *
Okay, then.
* * * LOW HITPOINT WARNING * * *
You feel sick.
Frances hits you from afar with a +2 trident of venom.
* * * LOW HITPOINT WARNING * * *
You feel a strong urge to attack something.
* * * LOW HITPOINT WARNING * * *
You feel sick.
* * * LOW HITPOINT WARNING * * *
You feel sick.
You feel your anger nearly subside.
You are no longer berserk.
You are exhausted.
You feel yourself slow down.
* * * LOW HITPOINT WARNING * * *
You feel sick.
You die...

# ## #. #. #..#..
..$...###########
........@43...@.#.#
.........######.#.#
## .........# #.#.#
.. .........# #)#.#.#
....(....######[#...#
.........##......#
.........##......+
.........##......#
.........##......+


You could see Frances, a soul eater and a rust devil.

Vanquished Creatures
  Harold (D:11)
  Erica (D:8)
  2 two-headed ogres
  A queen bee (D:9)
  A polar bear (D:9)
  2 trolls
  A hornet (D:10)
  A hippogriff (D:10)
  A shadow (D:7)
  6 yaks (D:9)
  A wyvern (D:11)
  A hungry ghost (D:8)
  6 humans (D:7)
  Menkaure (D:7)
  2 wargs (D:9)
  10 orc warriors
  7 ice beasts
  7 ogres
  3 wolves (D:9)
  3 phantoms
  4 centaurs
  A big kobold (D:11)
  6 bullfrogs
  7 scorpions
  18 killer bees (D:9)
  3 howler monkeys
  An electric eel (D:9)
  2 lava snakes (D:11)
  6 crimson imps
  A centaur zombie (D:8)
  3 bullfrog zombies
  2 jellies
  A gnoll shaman (D:4)
  4 hounds
  9 orc wizards
  2 quasits
  9 orc priests
  Jessica (D:2)
  6 worker ants
  7 iguanas
  A killer bee zombie (D:10)
  A hound zombie (D:6)
  2 hound skeletons
  A worker ant zombie (D:8)
  7 gnolls
  17 adders
  A hound simulacrum (D:9)
  An ufetubus (D:9)
  2 adder skeletons
  A worm (D:2)
  3 dart slugs
  8 leopard geckos
  68 orcs
  5 giant cockroaches
  10 goblins
  8 hobgoblins
  2 jackals (D:4)
  12 kobolds
  4 quokkas
  9 bats
  A frilled lizard (D:1)
  2 leopard gecko skeletons (D:4)
  A quokka zombie (D:5)
  6 rats
324 creatures vanquished.

Vanquished Creatures (collateral kills)
  An orc warrior (D:11)
  A bullfrog (D:11)
  A killer bee (D:9)
  An orc (D:11)
  A fire vortex (D:11)
5 creatures vanquished.

Vanquished Creatures (others)
  An orc (D:11)
1 creature vanquished.

Grand Total: 330 creatures vanquished

Notes
Turn   | Place    | Note
-------+----------+-------------------------------------------
     0 | D:1      | freddan the Minotaur Berserker began the quest for the Orb.
     0 | D:1      | Reached XP level 1. HP: 19/19 MP: 0/0
   446 | D:1      | Reached XP level 2. HP: 27/27 MP: 1/1
   465 | D:1      | Reached skill level 4 in Axes
   770 | D:1      | Reached ** piety under Trog
   805 | D:1      | Reached XP level 3. HP: 33/33 MP: 2/2
  1226 | D:2      | Found a faded altar of an unknown god.
  1420 | D:2      | Noticed Jessica
  1426 | D:2      | Killed Jessica
  1426 | D:2      | Reached XP level 4. HP: 40/40 MP: 3/3
  2262 | D:3      | Reached skill level 5 in Axes
  2282 | D:3      | Found a bloodstained altar of Trog.
  2346 | D:3      | Reached XP level 5. HP: 47/47 MP: 4/4
  2349 | D:3      | Reached *** piety under Trog
  2350 | D:3      | Found a hide-covered altar of Uskayaw.
  2350 | D:3      | Noticed a +0 dagger
  2350 | D:3      | Noticed a +0 dagger
  2806 | D:3      | Reached XP level 6. HP: 48/55 MP: 5/5
  3064 | D:4      | Found a blossoming altar of Fedhas.
  3064 | D:4      | Found a faded altar of an unknown god.
  3069 | D:4      | Found an ancient bone altar of Kikubaaqudgha.
  3071 | D:4      | Found a glowing silver altar of Zin.
  3073 | D:4      | Found a burning altar of Makhleb.
  3178 | D:4      | Reached skill level 6 in Axes
  3288 | D:4      | Reached skill level 5 in Fighting
  3437 | D:4      | Reached XP level 7. HP: 61/61 MP: 6/6
  3640 | D:4      | Found a snail-covered altar of Cheibriados.
  4039 | D:4      | Reached skill level 7 in Axes
  4204 | D:5      | Entered Level 5 of the Dungeon
  4217 | D:5      | Reached skill level 5 in Armour
  4531 | D:5      | You fall into a shaft and drop 2 floors!
  4671 | D:6      | Reached skill level 8 in Axes
  4671 | D:6      | Reached skill level 5 in Dodging
  4671 | D:6      | Reached XP level 8. HP: 69/70 MP: 7/7
  4722 | D:6      | Reached **** piety under Trog
  4968 | D:5      | Found an iron altar of Okawaru.
  5054 | D:5      | Found a staircase to the Ecumenical Temple.
  5114 | Temple   | Entered the Ecumenical Temple
  5801 | D:6      | Reached skill level 9 in Axes
  6391 | D:7      | Reached XP level 9. HP: 79/79 MP: 8/8
  6406 | D:7      | Reached skill level 10 in Axes
  7236 | D:7      | Noticed Menkaure
  7245 | D:7      | Killed Menkaure
  7620 | D:7      | Reached skill level 11 in Axes
  8129 | D:8      | Reached XP level 10. HP: 90/90 MP: 9/9
  8312 | D:8      | Noticed Erica
  8334 | D:8      | Killed Erica
  8416 | D:8      | Found a hazy altar of Hepliaklqana.
  8514 | D:8      | Found a sparkling altar of Nemelex Xobeh.
  8872 | D:9      | Reached ***** piety under Trog
  8897 | D:9      | Found a staircase to the Lair.
  8966 | D:9      | Reached skill level 12 in Axes
  9037 | D:9      | Noticed a two-headed ogre
  9050 | D:9      | Killed a two-headed ogre
  9388 | D:9      | Upgraded the game from 0.24-a0-521-g122614bf49 to
                  | 0.24-a0-525-g9231cdcba1
  9712 | D:9      | Found a radiant altar of Vehumet.
  9738 | D:9      | Reached XP level 11. HP: 89/99 MP: 10/10
  9744 | D:9      | Reached skill level 13 in Axes
  9962 | D:9      | Reached skill level 10 in Fighting
 10305 | D:9      | Found a staircase to the Orcish Mines.
 10514 | D:10     | Entered Level 10 of the Dungeon
 10554 | D:10     | Received a gift from Trog
 10853 | D:10     | Reached skill level 1 in Shields
 11205 | D:11     | Noticed Harold
 11218 | D:11     | Killed Harold
 11218 | D:11     | Reached skill level 10 in Armour
 11468 | D:11     | Found a shadowy altar of Dithmenos.
 12196 | D:12     | Noticed a two-headed ogre
 12218 | D:12     | Killed a two-headed ogre
 12310 | D:12     | Noticed Frances
 12319 | D:12     | Noticed a sixfirhy
 12324 | D:12     | Noticed a soul eater
 12332 | D:12     | HP: 7/153 [poisoned by Frances]
 12333 | D:12     | HP: 3/102 [poisoned by Frances]
 12334 | D:12     | Succumbed to Frances's poison

Levels and vault maps discovered:
D:1:      minmay_arrival_four_houses, layout_loops_corners
D:2:      layout_loops_ring, chequers_ecumenical_altar_island, uniq_jessica
D:3:      cheibrodos_old_hovel, layout_loops_ring, dancing_weapons_uskayaw,
          first_ration, bloody_trog
D:4:      layout_loops_corners, chequers_temple_overflow_minitemple,
          nicolae_overflow_hidden_temple, minmay_distorted
D:5:      layout_layer_cave, minmay_temple_entry_grid, kennysheep_small_circle
D:6:      layout_basic
D:7:      layout_basic, minmay_ruffians, uniq_menkaure
D:8:      layout_basic, minitemple, uniq_erica
D:9:      layout_rooms, vehumet_statue, lair_entry_dummy, erik_orc_3,
          serial_ice, serial_ice_n, serial_ice_o, serial_ice_d, serial_ice_e,
          serial_ice_j, serial_ice_a, serial_ice_h, david_nohive_1,
          nrook_campfire, minivault_19, grunt_decor_fettered
D:10:     layout_rooms
D:11:     layout_big_octagon, grunt_dithmenos_smoke, uniq_harold
D:12:     layout_basic, uniq_psyche, uniq_frances
Temple:   dshaligram_water_room_temple

Skill      XL: |  1  2  3  4  5  6  7  8  9 10 11 |
---------------+----------------------------------+-----
Axes           | 4 5 6 8 9 11 12 13 | 13.9
Fighting       | 4 5 6 7 8 9 11 | 11.0
Armour         | 3 4 5 6 8 9 10 | 10.2
Dodging        | 3 4 5 6 7 8 9 |  9.4
Shields        | 2 |  2.8

Action                   |  1- 3 |  4- 6 |  7- 9 | 10-12 || total
-------------------------+-------+-------+-------+-------++-------
Melee: Hand axe          |    72 |   107 |    32 |       ||   211
       Headbutt          |    11 |    17 |    46 |   102 ||   176
       War axe           |       |       |   251 |   415 ||   666
 Fire: Hunting sling     |     3 |     1 |    21 |    18 ||    43
Throw: Stone             |     5 |       |       |       ||     5
Invok: Berserk           |     2 |     7 |    10 |    12 ||    31
       Trog's Hand       |       |       |       |     2 ||     2
       Brothers in Arms  |       |       |       |     2 ||     2
  Use: Scroll            |       |       |     2 |     3 ||     5
  Eat: Chunk             |     2 |     8 |    31 |    27 ||    68
       Ration            |       |     2 |     1 |       ||     3
Armor: Animal skin       |    12 |       |       |       ||    12
       Ring mail         |    10 |    22 |       |       ||    32
       Scale mail        |       |    16 |   102 |   103 ||   221
Dodge: Dodged            |    51 |    60 |   135 |   289 ||   535
Block: Buckler           |       |     4 |    38 |    55 ||    97
       Shield            |       |       |       |    29 ||    29

Table legend:
 A = Non-vault XP
 B = Vault XP
 C = Vault XP percentage of total XP
 D = Non-vault monster count
 E = Vault monster count
 F = Vault count percentage of total count
                 A         B        C        D         E       F
            +---------+---------+-------+---------+---------+-------
      Total |   12269 |    6321 |  34.0 |     272 |      56 |  17.1
            +---------+---------+-------+---------+---------+-------
        D:1 |      47 |       0 |   0.0 |      26 |       0 |   0.0
        D:2 |      37 |      37 |  50.0 |      13 |       1 |   7.1
        D:3 |     200 |      67 |  25.1 |      28 |       1 |   3.4
        D:4 |     568 |      43 |   7.0 |      22 |       1 |   4.3
        D:5 |     502 |       0 |   0.0 |      24 |       0 |   0.0
        D:6 |     795 |       0 |   0.0 |      23 |       0 |   0.0
        D:7 |    1191 |    1336 |  52.9 |      19 |       7 |  26.9
        D:8 |    1010 |     944 |  48.3 |      18 |       1 |   5.3
        D:9 |    2999 |    3241 |  51.9 |      25 |      44 |  63.8
       D:10 |    1890 |       0 |   0.0 |      38 |       0 |   0.0
       D:11 |    1518 |     653 |  30.1 |      30 |       1 |   3.2
       D:12 |    1512 |       0 |   0.0 |       6 |       0 |   0.0
            +---------+---------+-------+---------+---------+-------
